 Dungeon Crawl Stone Soup version 0.24-a0-123-ga2403f3 (console) character file.

Game seed: 13818555012927383965

452 Duffy the Firebug (level 7, -3/55 HPs)
             Began as a Naga Fire Elementalist on Feb 22, 2019.
             Slain by a sky beast (6 damage)
             ... on level 5 of the Dungeon.
             The game lasted 00:03:47 (2236 turns).

Duffy the Firebug (Naga Fire Elementalist)          Turns: 2236, Time: 00:03:47

Health: -3/55      AC:  3    Str: 10    XL:     7   Next: 5%
Magic:  12/12      EV: 10    Int: 18    God:
Gold:   49         SH:  0    Dex: 11    Spells: 0/13 levels left

rFire    . . .     SeeInvis +   c - 4 rations
rCold    . . .     Gourm    .   (no shield)
rNeg     . . .     Faith    +   a - +0 robe
rPois    +         Spirit   .   (no helmet)
rElec    .         Reflect  .   (no cloak)
rCorr    .         Harm     .   (no gloves)
MR       .....                  (no barding)
Stlth    ++........             g - amulet of faith
HPRegen  0.18/turn              (no ring)
MPRegen  0.13/turn              (no ring)

@: very slow
A: large, see invisible, deformed body, poison resistance, slowness 2, slow
metabolism 1, spit poison 1, AC +2
a: Spit Poison


You were on level 5 of the Dungeon.
You were not hungry.

You visited 1 branch of the dungeon, and saw 6 of its levels.

You collected 49 gold pieces.

Inventory:

Armour
 a - a +0 robe (worn)
Jewellery
 g - an amulet of faith (around neck)
Wands
 h - a wand of paralysis (5)
Scrolls
 b - 3 scrolls of remove curse
 k - a scroll of fear {unknown}
Potions
 d - 3 potions of mutation {unknown}
 e - 2 potions of brilliance {unknown}
 f - a potion of magic {unknown}
 i - a potion of curing {unknown}
Comestibles
 c - 4 rations (in hand)
 j - 4 chunks of flesh


   Skills:
 - Level 1.5 Dodging
 - Level 3.0 Stealth
 + Level 3.5 Spellcasting
 + Level 4.8 Conjurations
 + Level 4.9 Fire Magic


You couldn't memorise any spells.
You knew the following spells:

 Your Spells              Type           Power        Failure   Level  Hunger
h - Flame Tongue          Conj/Fire      ###..        1%          1    None
j - Sticky Flame          Conj/Fire      ###.....     21%         4    ####...
k - Fireball              Conj/Fire      ###.......   50%         5    ######.
l - Conjure Flame         Conj/Fire      ###.....     6%          3    ###....

Your spell library contained the following spells:

 Spells                   Type           Power        Failure   Level  Hunger
 Throw Flame              Conj/Fire      ###...       3%          2    ##.....
 Inner Flame              Hex/Fire       ##......     17%         3    ###....


Dungeon Overview and Level Annotations

Branches:
Dungeon (6/15)
 Temple: D:4-7

Altars:

Shops:
D:6 (

Annotations:
D:5 Eustachio


Innate Abilities, Weirdness & Mutations

You cannot wear boots.
Your serpentine skin is tough. (AC +2)
You have supernaturally acute eyesight. (SInv)
Armour fits poorly on your strangely shaped body.
Your system is resistant to poisons. (rPois)
You cover ground very slowly.
You have a slow metabolism.
You can spit poison.


Message History

There is a stone staircase leading down here.
You start resting.
Magic restored.
You climb downwards.
The sky beast misses you. The gnoll barely misses you. The sky beast hits you.
The sky beast shocks you.
There is a stone staircase leading up here.
The gnoll shaman barely misses you. The sky beast hits you.
The sky beast shocks you. The gnoll hits you with a +0 club. x2
You climb upwards.
Level annotation: Eustachio
There is a stone staircase leading down here.
The gnoll shaman hits you with a +0 club!
The gnoll hits you with a +0 club.
The gnoll shaman hits you with a +0 club.
The sky beast hits you. The sky beast shocks you.
The gnoll hits you with a +0 club. The gnoll closely misses you.
Found 16 bolts.
The sky beast hits you. The sky beast shocks you.
You die...

...#... . .##.....(#.... ...#
.. .... ..######....... ...#
. .... ...######.##.... .....
..... .........#.##....
...... .(...
.........#....... ....(.
...... .........#.......
.....
......###........#.......
....
......................... ...
#.@g................ ..
#.gY...........#.... .
#.g....#......##....
#......#......##....
#.#.....>#............
######.#......#............
...#.....####..##...........
..........# ##.........$.....
####
..........###...........####.


You could see a sky beast, a gnoll shaman and 2 gnolls.

Vanquished Creatures
  A bullfrog (D:6)
  A scorpion (D:4)
  A howler monkey (D:5)
  A hound (D:4)
  An orc priest (D:5)
  2 orc wizards (D:5)
  4 worker ants
  5 adders
  An ooze (D:4)
  A worm (D:2)
  A leopard gecko (D:4)
  8 orcs
  A hobgoblin (D:3)
  9 jackals
  A quokka (D:5)
  A bat (D:3)
  A frilled lizard (D:3)
  A goblin (D:1)
  A rat (D:3)
42 creatures vanquished.

Vanquished Creatures (others)
  5 toadstools (D:3)
5 creatures vanquished.

Grand Total: 47 creatures vanquished

Notes
Turn   | Place    | Note
-------+----------+-------------------------------------------
     0 | D:1      | Duffy the Naga Fire Elementalist began the quest for the
                  | Orb.
     0 | D:1      | Reached XP level 1. HP: 15/15 MP: 3/3
   249 | D:3      | Reached XP level 2. HP: 22/22 MP: 0/5
   858 | D:4      | Noticed a scorpion
   863 | D:4      | Killed a scorpion
   863 | D:4      | Reached XP level 3. HP: 28/28 MP: 2/6
   863 | D:4      | Reached XP level 4. HP: 36/36 MP: 2/7
   868 | D:4      | Learned a level 3 spell: Conjure Flame
   971 | D:4      | Noticed an ogre
   997 | D:3      | Reached XP level 5. HP: 27/42 MP: 0/8
  1103 | D:3      | Learned a level 4 spell: Sticky Flame
  1282 | D:5      | Entered Level 5 of the Dungeon
  1385 | D:5      | Reached XP level 6. HP: 17/49 MP: 0/10
  1696 | D:5      | Noticed Eustachio
  2010 | D:6      | Reached XP level 7. HP: 54/55 MP: 5/12
  2068 | D:6      | Learned a level 5 spell: Fireball
  2085 | D:6      | Got a translucent cloak
  2091 | D:6      | Identified the cursed +0 cloak of Tartarus {MR+ Int-5
                  | Dex+3} (You found it on level 6 of the Dungeon)
  2177 | D:6      | Found Waeph's Antique Weapon Boutique.
  2236 | D:5      | Slain by a sky beast

Levels and vault maps discovered:
D:1:      dpeg_arrival_tiny_j, layout_rooms
D:2:      layout_basic, good_gods_mini_temple,
          chequers_temple_overflow_statue_of_worship,
          nicolae_overflow_crystal_walls
D:3:      cheibrodos_fertilizer, layout_loops_ring, uniq_terence
D:4:      layout_basic, first_ration
D:5:      layout_basic, serial_shops, nicolae_shop_behind_doors,
          lemuel_angel_altar, uniq_eustachio
D:6:      layout_rooms, hangedman_ru_absence, kennysheep_mini,
          minmay_temple_entry_crystal_x, serial_shops, shop, shop, shop,
          basic_altar

Skill      XL: |  1  2  3  4  5  6 |
---------------+-------------------+-----
Conjurations   | 2 3 4 |  4.8
Fire Magic     | 4 |  4.9
Spellcasting   | 3 |  3.5
Dodging        | |  1.5
Stealth        | |  3.0

Action                   |  1- 3 |  4- 6 |  7- 9 || total
-------------------------+-------+-------+-------++-------
 Cast: Flame Tongue      |    19 |    55 |    12 ||    86
 Abil: Spit Poison       |    13 |    19 |     2 ||    34
  Use: Scroll            |       |       |     1 ||     1
  Eat: Chunk             |       |     4 |     1 ||     5
Armor: Robe              |       |     6 |     3 ||     9
Dodge: Dodged            |    11 |    24 |    16 ||    51

Table legend:
 A = Non-vault XP
 B = Vault XP
 C = Vault XP percentage of total XP
 D = Non-vault monster count
 E = Vault monster count
 F = Vault count percentage of total count
                 A         B        C        D         E       F
            +---------+---------+-------+---------+---------+-------
      Total |     647 |       0 |   0.0 |      42 |       0 |   0.0
            +---------+---------+-------+---------+---------+-------
        D:1 |       1 |       0 |   0.0 |       1 |       0 |   0.0
        D:2 |       5 |       0 |   0.0 |       1 |       0 |   0.0
        D:3 |      30 |       0 |   0.0 |       9 |       0 |   0.0
        D:4 |     193 |       0 |   0.0 |      13 |       0 |   0.0
        D:5 |     284 |       0 |   0.0 |      12 |       0 |   0.0
        D:6 |     134 |       0 |   0.0 |       6 |       0 |   0.0
            +---------+---------+-------+---------+---------+-------
